 Dungeon Crawl Stone Soup version 0.18.1-48-g4cf74bf (webtiles) character file.

681 Goblin1989 the Vexing (level 7, -1/32 HPs)
             Began as a Spriggan Enchanter on Aug 6, 2016.
             Slain by bl4d3's ghost (13 damage)
             ... on level 4 of the Dungeon on Aug 17, 2016.
             The game lasted 00:12:46 (4279 turns).

Goblin1989 the Vexing (Spriggan Enchanter)          Turns: 4279, Time: 00:12:47

Health: -1/32      AC:  4    Str:  4    XL:     7   Next: 34%
Magic:  9/16       EV: 21    Int: 18    God:
Gold:   144        SH:  0    Dex: 17    Spells: 4 memorised, 7 levels left

rFire  . . .     SeeInvis +     l - +1 dagger (elec)
rCold  . . .     Gourm    .     b - +1 robe
rNeg   . . .     Faith    .     (shield restricted)
rPois  .         Spirit   .     (helmet restricted)
rElec  .         Dismiss  .     z - +0 cloak
rCorr  .         Reflect  .     (gloves unavailable)
SustAt .         Harm     .     (boots unavailable)
MR     +....                    (no amulet)
Stlth  ++++......               (no ring)
                                (no ring)

@: very slightly contaminated, very quick, somewhat resistant to hostile
enchantments, stealthy
A: unfitting armour, see invisible, herbivore 3, speed 3, slow metabolism 2
a: no special abilities


You were on level 4 of the Dungeon.
You were full.

You visited 1 branch of the dungeon, and saw 4 of its levels.

You collected 144 gold pieces.

Inventory:

Hand Weapons
 l - a +1 dagger of electrocution (weapon)
Armour
 b - a +1 robe (worn)
 z - a +0 cloak (worn)
Jewellery
 w - an uncursed ring of resist corrosion {unknown}
 x - an uncursed amulet of rage {unknown}
Scrolls
 a - a scroll of fear {unknown}
 f - a scroll of blinking {unknown}
 h - 2 scrolls of identify {unknown}
 o - 3 scrolls of remove curse {unknown}
 r - a scroll of teleportation {unknown}
 s - a scroll of random uselessness {unknown}
 t - a scroll of enchant weapon {unknown}
 y - a scroll of recharging {unknown}
Potions
 e - a potion of curing {unknown}
 g - a potion of cure mutation {unknown}
 i - 2 potions of brilliance {unknown}
 j - a potion of flight {unknown}
 k - a potion of degeneration {unknown}
 m - 3 potions of might {unknown}
 n - a potion of berserk rage {unknown}
 p - 2 potions of mutation {unknown}
 q - 3 potions of haste {unknown}
 u - 2 potions of lignification {unknown}
 v - a potion of ambrosia {unknown}
Books
 c - a book of Maledictions

   Spells                             Type                      Level
   a - Corona                         Hexes                        1
   b - Ensorcelled Hibernation        Hexes/Ice                    2
   c - Confuse                        Hexes                        3
   d - Tukima's Dance                 Hexes                        3
   e - Dazzling Spray                 Conjuration/Hexes            3
Comestibles
 d - 2 bread rations


   Skills:
 - Level 1.1 Short Blades
 + Level 6.0 Dodging
 + Level 6.6 Stealth
 + Level 5.4 Spellcasting
 * Level 7.0 Hexes


You had 7 spell levels left.
You knew the following spells:

 Your Spells              Type           Power        Failure   Level  Hunger
a - Corona                Hex            ####...      1%          1    None
b - Ensorcelled Hibernat  Hex/Ice        ###...       6%          2    #......
c - Confuse               Hex            ####....     2%          3    ##.....
d - Tukima's Dance        Hex            ####....     2%          3    ##.....


Dungeon Overview and Level Annotations

Branches:
Dungeon (4/15)
 Temple: D:4-7

Altars:

Shops:
D:4 [(

Annotations:
D:2 Jessica
D:4 bl4d3's ghost, amateur GrFi


Innate Abilities, Weirdness & Mutations

You are tiny and cannot use many weapons and most armour.
You have supernaturally acute eyesight.
You are a herbivore.
You cover ground extremely quickly.
You need consume almost no food.


Message History

Press: ? - help, Shift-Dir - straight line, f/p - bl4d3's ghost
Aim: bl4d3's ghost (chance to defeat MR: 41%) Bl4d3's ghost appears confused.
You now have 7/16 mp.
You hit bl4d3's ghost but do no damage. Bl4d3's ghost hits you!
You take 14 damage, and have 11/32 hp.
MASSIVE DAMAGE!!
You barely miss bl4d3's ghost. You hit bl4d3's ghost but do no damage.
You strike the helpless bl4d3's ghost from behind!
You puncture bl4d3's ghost!
Bl4d3's ghost is moderately damaged.
You hit bl4d3's ghost but do no damage.
Bl4d3's ghost is moderately damaged.
You hit bl4d3's ghost but do no damage.
Bl4d3's ghost is moderately damaged.
You hit bl4d3's ghost but do no damage.
Bl4d3's ghost is moderately damaged.
Bl4d3's ghost hits you!
You die...

.###....# ##.<......#
.###.........## .........#
.....#...........# .........##
.................## ..........#
..................###...........
............##.......# #.......
#...................# #.....#
#.......>.....@....# #...##
#............W..!.## #....##
##.....>............#####.##..#
#...)......###...##.......###..
.............##..#####....## #..
........##.......# ##...# #..
#.......##........ ##..# #...
..####......####... #........ .
#......# #.... .....##..


You could see bl4d3's ghost (confused).

Vanquished Creatures
  A phantom (D:4)
  An ogre (D:4)
  The ghost of UnlimitedFusion the Shield-Bearer, an amateur FoFi (D:3)
  A scorpion (D:4)
  A howler monkey (D:4)
  A crimson imp (D:3)
  Crazy Yiuf (D:3)
  A hound (D:3)
  An orc priest (D:3)
  Natasha (D:3)
  A hound skeleton (D:4)
  7 adders
  A gnoll (D:4)
  3 oozes
  3 worms
  2 dart slugs
  3 giant geckos
  6 orcs (D:3)
  A ball python (D:4)
  6 bats
  6 giant cockroaches
  8 goblins
  A hobgoblin (D:1)
  6 kobolds
  2 quokkas
  3 giant newts (D:1)
  10 rats
79 creatures vanquished.

Notes
Turn   | Place    | Note
--------------------------------------------------------------
     0 | D:1      | Goblin1989 the Spriggan Enchanter began the quest for the Orb.
     0 | D:1      | Reached XP level 1. HP: 9/9 MP: 5/5
   207 | D:1      | Reached XP level 2. HP: 12/13 MP: 7/7
   321 | D:1      | Reached skill level 4 in Hexes
   845 | D:1      | Learned a level 2 spell: Ensorcelled Hibernation
  1652 | D:1      | Reached XP level 3. HP: 16/16 MP: 8/8
  1729 | D:2      | Learned a level 3 spell: Confuse
  1937 | D:2      | Noticed Jessica
  2472 | D:2      | Reached XP level 4. HP: 21/21 MP: 10/10
  2762 | D:3      | Learned a level 3 spell: Tukima's Dance
  2776 | D:3      | Reached skill level 5 in Stealth
  2776 | D:3      | Reached skill level 5 in Hexes
  2793 | D:3      | Reached XP level 5. HP: 10/24 MP: 0/12
  3003 | D:3      | Noticed UnlimitedFusion's ghost (amateur FoFi)
  3681 | D:3      | Noticed Natasha
  3691 | D:3      | Killed Natasha
  3691 | D:3      | Reached skill level 5 in Dodging
  3743 | D:3      | Killed UnlimitedFusion's ghost
  3743 | D:3      | Reached skill level 6 in Hexes
  3743 | D:3      | Reached XP level 6. HP: 28/28 MP: 5/14
  3944 | D:3      | Noticed Crazy Yiuf
  3955 | D:3      | Killed Crazy Yiuf
  4041 | D:4      | Found Quoni's Antique Armour Shoppe.
  4130 | D:4      | Found Uwkifyd's Weapon Shoppe.
  4142 | D:4      | Reached skill level 5 in Spellcasting
  4152 | D:4      | Reached XP level 7. HP: 30/32 MP: 7/15
  4238 | D:4      | Reached skill level 7 in Hexes
  4263 | D:4      | Noticed bl4d3's ghost (amateur GrFi)
  4279 | D:4      | Slain by bl4d3's ghost

Skill      XL: |  1  2  3  4  5  6  7 |
---------------+----------------------+-----
Spellcasting   | 3 4 5 |  5.4
Hexes          | 4 5 6 7 |  7.0
Dodging        | 4 5 6 |  6.0
Stealth        | 5 6 |  6.6
Short Blades   | |  1.1

Action                   |  1- 3 |  4- 6 |  7- 9 || total
-------------------------+-------+-------+-------++-------
Melee: Dagger            |    83 |   126 |    32 ||   241
       Unarmed           |     2 |       |       ||     2
 Cast: Ensorcelled Hiber |    10 |       |       ||    10
       Corona            |    10 |       |       ||    10
       Confuse           |       |    18 |     3 ||    21
 Stab: Sleeping          |    15 |     6 |     1 ||    22
       Confused          |       |     7 |     3 ||    10
       Distracted        |       |     1 |       ||     1
  Eat: Pizza             |       |     1 |       ||     1
       Bread ration      |       |     1 |       ||     1
Armor: Robe              |     9 |     2 |       ||    11
Dodge: Dodged            |    59 |    84 |     3 ||   146
